 Dungeon Crawl Stone Soup version 0.31-a0-544-gceb718ecc6 (webtiles) character file.

Game seed: 15750597847563427588

8 mopl the Ruffian (level 2, -1/18 HPs)
             Began as an Octopode Shapeshifter on Aug 15, 2023.
             Slain by a gnoll
             ... wielding a +0 club
              (4 damage)
             ... on level 1 of the Dungeon.
             The game lasted 00:00:18 (95 turns).

mopl the Ruffian (Octopode Shapeshifter)              Turns: 95, Time: 00:00:19

Health: -1/18      AC:  1    Str: 14    XL:     2   Next: 8%
Magic:  2/2        EV: 13    Int: 10    God:
Gold:   14         SH:  0    Dex: 12    Spells: 1/1 levels left

rFire   . .          .
                       - Unarmed
rCold   . . .        (no shield)
rNeg    . . .        (helmet currently unavailable)
rPois   .            (no amulet)
rElec   .            (no ring)
rCorr   .            (no ring)
SInv    .            (no ring)
Will    .....        (no ring)
Stlth   ++           (no ring)
HPRegen 0.23/turn    (no ring)
MPRegen 0.08/turn    (no ring)
                     (no ring)

%: no passive effects
@: beast-form
A: beast (slay +2), almost no armour, amphibious, 8 rings, camouflage 1,
gelatinous body 1, (nimble swimmer 1), tentacles
a: Begin Untransformation


You were on level 1 of the Dungeon.
You were a hulking beast.
You visited 1 branch of the dungeon, and saw 1 of its levels.

You collected 14 gold pieces.

Inventory:

Missiles
 d - 2 boomerangs
Talismans
 b - a beast talisman (active)
 c - a flux talisman
Potions
 a - a potion of lignification {!q}


   Skills:
 + Level 1.1 Fighting
 + Level 2.1 Dodging
 * Level 3.2 Unarmed Combat
 * Level 3.1 Shapeshifting


You had one spell level left.
You didn't know any spells.
Your spell library contained the following spells:

 Spells                   Type           Power      Damage    Failure   Level
 Freeze                   Ice            0%         1d3       36%         1
 Frozen Ramparts          Ice            0%         1d1       75%         3
 Hailstorm                Conj/Ice       0%         3d3       75%         3


Dungeon Overview and Level Annotations

Branches:
Dungeon (1/15)

Altars:


Innate Abilities, Weirdness & Mutations

You are a hulking beast.
Your limbs bulge with bestial killing power. (Slay +2)
You cannot wear most types of armour.
You are amphibious.
You can wear up to eight rings at the same time.
Your skin changes colour to match your surroundings (Stealth+).
Your rubbery body absorbs attacks. (AC +1, EV +1)
((You are camouflaged when in or above water. (Stealth+)))
You have tentacles for arms and can constrict up to eight enemies at once.


Message History

You tentacle-slap the hobgoblin.
You kill the hobgoblin!
A ball python comes into view.
A ball python is nearby!
You strike the helpless ball python from behind!
You tentacle-slap the ball python.
You kill the ball python!
You have reached level 2!
d - 2 boomerangs
Found a scale mail.
A ball python comes into view.
A ball python is nearby!
A gnoll, a kobold and a rat come into view.
The kobold throws a stone.
The stone barely misses you.
The helpless ball python fails to defend itself.
You bludgeon the ball python!
You kill the ball python!
The gnoll shouts!
The rat bites you.
You tentacle-slap the rat.
You kill the rat!
The gnoll barely misses you.
You closely miss the gnoll. Your grab misses the gnoll.
The gnoll hits you with a +0 club.
The kobold throws a stone.
The stone hits you.
You are too injured to fight recklessly!
You are too injured to fight recklessly!
Unknown command.
Unknown command.
Unknown command.
The gnoll attacks as you move away! The gnoll barely misses you.
You barely miss the gnoll. Your grab misses the gnoll.
The gnoll closely misses you.
You barely miss the gnoll. You grab the gnoll. You constrict the gnoll.
The gnoll hits you with a +0 club!
* * * LOW HITPOINT WARNING * * *
You tentacle-slap the gnoll.
The gnoll is lightly wounded.
You constrict the gnoll. The gnoll hits you with a +0 club.
You die...

#.#.#......#
#.#.#.####.##
#.#.#.###...#
#.#.#.#...#[#
#.#.#.#.#...#
#.#.#..$.####
#.#.#.###.# #
#.#..## #.#
#.#.#h## #.#
#...g.# ...
......#K.#
###
###.....#.#
#...#.###.#
...#... #..
## ..## #.#
#.# .# #. #


You could see a gnoll and a kobold.

Vanquished Creatures
  2 endoplasms (D:1)
  2 hobgoblins (D:1)
  2 ball pythons (D:1)
  A kobold (D:1)
  A rat (D:1)
8 creatures vanquished.

Notes
Turn   | Place    | Note
-------+----------+-------------------------------------------
     0 | D:1      | mopl the Octopode Shapeshifter began the quest for the Orb.
     0 | D:1      | Reached XP level 1. HP: 13/13 MP: 1/1
    65 | D:1      | Reached XP level 2. HP: 18/18 MP: 2/2
    95 | D:1      | Slain by a gnoll

Illustrated notes

Levels and vault maps discovered:
D:1:      saegor_arrival_simple_a, layout_loops_ring,
          dreamdust_ecumenical_altar_sealed_demon

Action                     || total
---------------------------++-------
  Melee: Unarmed           ||    14
         Constrict         ||     3
         Tentacles         ||     1
   Stab: Distracted        ||     1
         Sleeping          ||     1
  Dodge: Dodged            ||     8

Table legend: (Time is in decaauts)
 A = Elapsed time spent in this place.
 B = Non-inter-level travel time spent in this place.
 C = Inter-level travel time spent in this place.
 D = Time resting spent in this place.
 E = Time spent auto-exploring this place.
 F = Levels seen in this place.
 G = Mean time per level.
                   A        B        C        D        E       F      G
               +--------+--------+--------+--------+--------+-----+--------+
         Total |     94 |     94 |      0 |      0 |     49 |   1 |   94.0 |
       Dungeon |     94 |     94 |      0 |      0 |     49 |   1 |   94.0 |
               +--------+--------+--------+--------+--------+-----+--------+

Top non-repeatable levels by time:
     D:1: 94 daAuts
